 Dungeon Crawl Stone Soup version 0.20.1-1-g8b1a95d (webtiles) character file.

136 miragecloak the Cudgeler (level 5, -4/41 HPs)
             Began as a Formicid Abyssal Knight on July 17, 2017.
             Was a Follower of Lugonu.
             Slain by a scorpion (7 damage)
             ... on level 4 of the Dungeon.
             The game lasted 00:02:49 (4008 turns).

miragecloak the Cudgeler (Formicid Abyssal Knight)  Turns: 4008, Time: 00:02:50

Health: -4/41      AC:  3    Str: 17    XL:     5   Next: 43%
Magic:  6/6        EV: 11    Int: 11    God:    Lugonu [*.....]
Gold:   178        SH:  0    Dex: 11    Spells: 4/4 levels left

rFire    . . .     SeeInvis +   a - +1 mace
rCold    . . .     Gourm    .   (no shield)
rNeg     . . .     Faith    .   b - +0 leather armour
rPois    .         Spirit   .   (helmet unavailable)
rElec    .         Reflect  .   (no cloak)
rCorr    .         Harm     .   (no gloves)
MR       .....                  (no boots)
Stlth    +.........             (no amulet)
Regen    0.2/turn               p - ring of flight
MPRegen  0.1/turn               (no ring)

@: lethally poisoned (-4 -> -30)
A: permanent stasis, dig shafts and tunnels, four strong arms, antennae 3
a: Dig, Shaft Self, Depart the Abyss, Renounce Religion, Evoke Flight


You were on level 4 of the Dungeon.
You worshipped Lugonu.
Lugonu was aware of your devotion.
You were hungry.

You visited 1 branch of the dungeon, and saw 4 of its levels.
You visited the Abyss 1 time.

You collected 178 gold pieces.

Inventory:

Hand Weapons
 a - a +1 mace (weapon)
Armour
 b - a +0 leather armour (worn)
Jewellery
 p - a ring of flight (left hand)
Scrolls
 d - 2 scrolls of random uselessness {unknown}
 e - 2 scrolls of teleportation {unknown}
 f - 6 scrolls of identify {unknown}
 g - 2 scrolls of remove curse {unknown}
 i - 5 scrolls of amnesia {unknown}
 j - 2 scrolls of enchant armour {unknown}
 l - a scroll of blinking {unknown}
 n - a scroll of enchant weapon {unknown}
 r - a scroll of magic mapping {unknown}
Potions
 m - a potion of berserk rage
 q - a potion of curing {unknown}
Comestibles
 c - a bread ration
 h - 2 meat rations
 k - a royal jelly
 o - 3 fruits


   Skills:
 - Level 3.2 Fighting
 + Level 5.2 Maces & Flails
 - Level 2.1 Armour
 - Level 0.8 Dodging
 - Level 2.1 Invocations


You had 4 spell levels left.
You didn't know any spells.

Dungeon Overview and Level Annotations

Branches:
Dungeon (4/15)
 Temple: D:4-7

Altars:
Hepliaklqana
Nemelex Xobeh
Sif Muna


Innate Abilities, Weirdness & Mutations

You cannot be hasted, slowed, berserked, paralysed or teleported.
You can dig through walls and to a lower floor.
Your four strong arms can wield two-handed weapons with a shield.
You have a pair of large antennae on your head. (SInv)


Message History

There is a lethal amount of poison in your body!
You are too injured to fight recklessly!
You closely miss the scorpion.
The scorpion is heavily wounded.
* * * LOW HITPOINT WARNING * * *
You feel sick. The scorpion closely misses you.
You barely miss the scorpion.
The scorpion is heavily wounded.
* * * LOW HITPOINT WARNING * * *
You feel sick. The scorpion stings you.
* * * LOW HITPOINT WARNING * * *
You are more poisoned.
The scorpion poisons you!
Okay, then.
You hit the scorpion but do no damage.
The scorpion is heavily wounded.
* * * LOW HITPOINT WARNING * * *
You feel very sick. The scorpion stings you!
You die...

.#.###.#.# .#.# #.#.#
##.# #.#.### ...#
#.#...# ...# #.###.#
#### #.###.##
######.##...##
.......#.....#######.##.
................@s......
.............#######.###
.#####.##...##
...........##
######.##..# { # #.. #..
..


You could see a scorpion.

Vanquished Creatures
  A worker ant (D:4)
  2 adders
  3 worms (D:2)
  3 dart slugs
  A leopard gecko (D:1)
  4 orcs
  2 giant cockroaches
  11 goblins
  10 hobgoblins
  6 jackals
  2 ball pythons
  10 bats
  3 frilled lizards
  6 kobolds
  9 rats
73 creatures vanquished.

Notes
Turn   | Place    | Note
-------+----------+-------------------------------------------
     0 | Abyss:1  | miragecloak the Formicid Abyssal Knight began the quest for the Orb.
     0 | Abyss:1  | Reached XP level 1. HP: 18/18 MP: 2/2
   103 | Abyss:1  | Noticed an efreet
   104 | D:1      | Escaped the Abyss
   282 | D:1      | Reached * piety under Lugonu
   457 | D:1      | Reached XP level 2. HP: 24/24 MP: 3/3
   678 | D:1      | Reached skill level 3 in Maces & Flails
   739 | D:1      | Reached XP level 3. HP: 20/29 MP: 4/4
  1605 | D:2      | Found a sparkling altar of Nemelex Xobeh.
  1771 | D:2      | Reached skill level 4 in Maces & Flails
  1771 | D:2      | Reached XP level 4. HP: 23/35 MP: 5/5
  2348 | D:2      | Found a deep blue altar of Sif Muna.
  2383 | D:2      | Found a hazy altar of Hepliaklqana.
  3383 | D:3      | Reached XP level 5. HP: 41/41 MP: 6/6
  3766 | D:4      | Reached skill level 5 in Maces & Flails
  4008 | D:4      | Slain by a scorpion

Skill      XL: |  1  2  3  4  5 |
---------------+----------------+-----
Maces & Flails | 3 4 5 |  5.2
Fighting       | |  3.2
Armour         | |  2.1
Dodging        | |  0.8
Invocations    | |  2.1

Action                   |  1- 3 |  4- 6 || total
-------------------------+-------+-------++-------
Melee: Mace              |   109 |   132 ||   241
Invok: Depart the Abyss  |     1 |       ||     1
  Use: Potion            |       |     2 ||     2
  Eat: Chunk             |     3 |     6 ||     9
Armor: Leather armour    |    34 |    48 ||    82
Dodge: Dodged            |    90 |   122 ||   212
